 Dungeon Crawl Stone Soup version 0.28-a0-909-g796cbd3a86 (webtiles) character file.

Game seed: 16669776251800866543

94 AarnesTheHuman the Chopper (level 4, -3/35 HPs)
             Began as a Demonspawn Gladiator on Nov 24, 2021.
             Slain by an orc (7 damage)
             ... on level 3 of the Dungeon.
             The game lasted 00:03:42 (2860 turns).

AarnesTheHuman the Chopper (Demonspawn Gladiator)   Turns: 2860, Time: 00:03:43

Health: -3/35      AC:  5    Str: 22    XL:     4   Next: 38%
Magic:  4/4        EV: 12    Int:  9    God:
Gold:   111        SH:  0    Dex: 14    Spells: 3/3 levels left

rFire   . . .      SeeInvis .   a - +0 war axe
rCold   . . .      Faith    .   (no shield)
rNeg    . . .      Spirit   .   b - +0 leather armour
rPois   .          Reflect  .   c - +0 helmet
rElec   .          Harm     .   (no cloak)
rCorr   .          Rampage  .   (no gloves)
Will    .....                   q - +0 pair of boots
Stlth   +.........              (no amulet)
HPRegen 0.11/turn               p - +6 ring of strength
MPRegen 0.09/turn               (no ring)

@: no status effects
A: claws 1
a: no special abilities


You were on level 3 of the Dungeon.
You visited 1 branch of the dungeon, and saw 3 of its levels.

You collected 111 gold pieces.

Inventory:

Hand Weapons
 a - a +0 war axe (weapon)
 g - a +0 dagger of venom
Missiles
 d - 3 throwing nets (quivered)
 l - 59 stones
Armour
 b - a +0 leather armour (worn)
 c - a +0 helmet (worn)
 q - a +0 pair of boots (worn)
Jewellery
 p - a +6 ring of strength (left claw)
Wands
 s - a wand of paralysis (11)
Scrolls
 f - 3 scrolls of identify {unknown}
 h - 3 scrolls of noise {unknown}
 i - a scroll of enchant weapon {unknown}
 j - a scroll of fear {unknown}
 n - a scroll of torment {unknown}
 o - 2 scrolls of teleportation {unknown}
Potions
 e - a potion of attraction
 k - a potion of lignification
 m - a potion of cancellation {unknown}
 r - a potion of brilliance {unknown}


   Skills:
 + Level 3.1 Fighting
 + Level 3.4 Axes
 - Level 1.7 Throwing
 + Level 2.0 Armour
 - Level 2.6 Dodging


You had 3 spell levels left.
You didn't know any spells.
Your spell library was empty.

Dungeon Overview and Level Annotations

Branches:
Dungeon (3/15)

Altars:
Wu Jian

Shops:
D:1 *


Innate Abilities, Weirdness & Mutations

You have sharp fingernails.


Message History

Found 15 bolts.
Found a ring mail.
You now have 93 gold pieces (gained 7).
Found a stone staircase leading up.
No target in view!
No target in view!
You now have 102 gold pieces (gained 9).
s - a wand of paralysis (11)
A ball python comes into view.
A ball python is nearby!
You slash the ball python!
You kill the ball python!
No target in view!
You now have 111 gold pieces (gained 9).
An orc comes into view. It is wielding a +0 trident.
An orc is nearby!
An orc comes into view. It is wielding a +0 hand axe.
The orc shouts! x2
An orc priest comes into view. It is wielding a +0 hand axe.
An orc comes into view. It is wielding a +0 hand axe.
The orc priest shouts!
You hear a shout!
The orc hits you but does no damage.
An orc comes into view. It is wielding a +0 short sword.
The orc priest looks satisfied for a moment.
An orc comes into view. It is wielding a +0 short sword.
The orc shouts!
The orc hits you but does no damage.
The orc priest calls down the wrath of Beogh upon you.
Beogh smites you!
You closely miss the orc. The orc hits you with a +0 trident.
The orc priest calls down the wrath of Beogh upon you.
Beogh smites you!
* * * LOW HITPOINT WARNING * * *
You are too injured to fight recklessly!
You are too injured to fight recklessly!
You closely miss the orc. The orc hits you with a +0 trident.
* * * LOW HITPOINT WARNING * * *
The orc barely misses you.
You barely miss the orc. The orc hits you with a +0 trident!
You die...

..#......#.#..............#
.#....##..(###............#
...#.##...................#
.........#..##.#..........#
.........##..#....#########
.........##..##.#.#
..........#..##...#
..........##..##..#
....<......##..#@##
........._.##..#o#
...........##..#o#
...###.##.##..##o# ...#
###..##..#ooo ..##
#.##..##... ### #.##..# ..#
# ##.##..#...# # #..##..#


You could see an orc priest and 5 orcs.

Vanquished Creatures
  3 adders (D:2)
  2 worms (D:2)
  An orc (D:3)
  2 endoplasms
  A giant cockroach (D:3)
  5 goblins
  7 hobgoblins
  4 jackals (D:1)
  4 quokkas
  4 ball pythons
  8 bats
  3 frilled lizards (D:1)
  4 kobolds
  10 rats
58 creatures vanquished.

Notes
Turn   | Place    | Note
-------+----------+-------------------------------------------
     0 | D:1      | AarnesTheHuman the Demonspawn Gladiator began the quest for
                  | the Orb.
     0 | D:1      | Reached XP level 1. HP: 16/16 MP: 1/1
   124 | D:1      | Gained mutation: You have sharp fingernails. [demonic
                  | ancestry]
   124 | D:1      | Reached XP level 2. HP: 15/22 MP: 2/2
   364 | D:1      | Reached skill level 1 in Armour
   742 | D:1      | Found Cinudd's General Store.
  1088 | D:2      | Reached XP level 3. HP: 28/28 MP: 3/3
  1487 | D:2      | Noticed a necrophage
  2039 | D:2      | Reached XP level 4. HP: 26/34 MP: 4/4
  2299 | D:2      | Found a faded altar of an unknown god.
  2606 | D:3      | Found an ornate altar of the Wu Jian Council.
  2860 | D:3      | Slain by an orc

Illustrated notes

Levels and vault maps discovered:
D:1:      mrwooster_arrival_statue, layout_basic, serial_shops,
          nicolae_shop_statue_plus, roderic_roman_lattice, kennysheep_crisscross
D:2:      layout_basic, basic_ecumenical_altar
D:3:      layout_rooms, mainiacjoe_overflow_catch_the_wave

Skill      XL: |  1  2  3  4 |
---------------+-------------+-----
Axes           | 3 |  3.4
Armour         | 1 2 |  2.0
Fighting       | 3 |  3.1
Throwing       | |  1.7
Dodging        | |  2.6

Action                   |  1- 3 |  4- 6 || total
-------------------------+-------+-------++-------
Melee: War axe           |   144 |    41 ||   185
  Use: Potion            |     4 |       ||     4
 Stab: Sleeping          |     2 |       ||     2
Armor: Leather armour    |    53 |    14 ||    67
       Skin              |    14 |       ||    14
Dodge: Dodged            |   129 |    27 ||   156

Table legend: (Time is in decaauts)
 A = Elapsed time spent in this place.
 B = Non-inter-level travel time spent in this place.
 C = Inter-level travel time spent in this place.
 D = Time resting spent in this place.
 E = Time spent auto-exploring this place.
 F = Levels seen in this place.
 G = Mean time per level.
                   A        B        C        D        E       F      G
               +--------+--------+--------+--------+--------+-----+--------+
         Total |   2924 |   2883 |     41 |    414 |   1916 |   3 |  974.7 |
       Dungeon |   2924 |   2883 |     41 |    414 |   1916 |   3 |  974.7 |
               +--------+--------+--------+--------+--------+-----+--------+

Top non-repeatable levels by time:
     D:2: 1550 daAuts
     D:1: 1058 daAuts
     D:3: 315 daAuts
